 Dungeon Crawl Stone Soup version 0.30-a0-591-g3c58d2bc28 (webtiles) character file.

Game seed: 16229539931109660107

3612 zero the Thaumaturge (level 9, -8/52 HPs)
             Began as a Deep Elf Earth Elementalist on Jan 4, 2023.
             Was a Believer of Kikubaaqudgha.
             Mangled by a death yak (19 damage)
             ... on level 7 of the Dungeon.
             The game lasted 00:09:30 (8296 turns).

zero the Thaumaturge (Deep Elf Earth Elementalist)  Turns: 8296, Time: 00:09:31

Health: -8/52      AC:  5    Str:  4 (5)  XL:     9   Next: 86%
Magic:  23/23      EV: 18    Int: 23 (25) God:    Kikubaaqudgha [**....]
Gold:   131        SH:  3    Dex: 12 (15) Spells: 7/25 levels left

rFire   . . .      SeeInvis +    k - +2 short sword (drain)
rCold   . . .      Faith    .    o - +0 buckler
rNeg    . . .      Spirit   .    L - +1 robe {Will+}
rPois   .          Reflect  .    (no helmet)
rElec   .          Harm     .    u - +0 cloak
rCorr   .          Rampage  .    p - +0 pair of gloves
Will    +....                    (no boots)
Stlth   ++                       I - amulet of magic regeneration
HPRegen 0.28/turn                h - ring of see invisible
MPRegen 0.58/turn                M - +5 ring of evasion

@: no status effects
A: no striking features
a: Renounce Religion, Unearth Wretches


You were on level 7 of the Dungeon.
You worshipped Kikubaaqudgha.
Kikubaaqudgha was pleased with you.
You visited 2 branches of the dungeon, and saw 9 of its levels.

You collected 373 gold pieces.
You spent 242 gold pieces at shops.

Inventory:

Hand Weapons
 k - a +2 short sword of draining (weapon)
Armour
 o - a +0 buckler (worn)
 p - a +0 pair of gloves (worn)
 u - a +0 cloak (worn)
 L - a +1 robe of willpower (worn)
Magical Staves
 r - a staff of fire
Jewellery
 h - a ring of see invisible (left hand)
 l - an amulet of reflection
 I - an amulet of magic regeneration (around neck)
 M - a +5 ring of evasion (right hand)
Wands
 t - a wand of flame (11)
 H - a wand of quicksilver (4)
 J - a wand of polymorph (4)
 K - a wand of mindburst (12)
Scrolls
 a - a scroll of butterflies {unknown}
 c - 8 scrolls of identify {unknown}
 e - 2 scrolls of vulnerability {unknown}
 g - 2 scrolls of immolation {unknown}
 n - a scroll of enchant weapon {unknown}
 s - 2 scrolls of amnesia {unknown}
 v - a scroll of fog {unknown}
 w - a scroll of acquirement {unknown}
 y - a scroll of teleportation {unknown}
 z - 3 scrolls of fear {unknown}
 A - a scroll of poison {unknown}
 B - a scroll of enchant armour {unknown}
 C - a scroll of noise {unknown}
 F - a scroll of magic mapping {unknown}
 G - 4 scrolls of blinking {unknown}
Potions
 b - 2 potions of magic
 d - 4 potions of degeneration
 f - 2 potions of attraction {unknown}
 i - 4 potions of lignification {unknown}
 j - 4 potions of ambrosia {unknown}
 m - 5 potions of heal wounds {unknown}
 q - a potion of mutation {unknown}
 x - 2 potions of flight {unknown}
 D - 2 potions of curing {unknown}
 E - a potion of brilliance {unknown}


   Skills:
 + Level 4.3 Fighting
 - Level 5.0 Dodging
 - Level 3.0 Stealth
 + Level 8.5 Spellcasting
 - Level 5.0 Conjurations
 + Level 6.6 Necromancy
 - Level 1.1 Transmutations
 - Level 5.0 Ice Magic
 + Level 7.7 Earth Magic


You had 7 spell levels left.
You knew the following spells:

 Your Spells              Type           Power      Damage    Failure   Level
a - Sandblast             Erth           90%        2d19      1%          1
b - Stone Arrow           Conj/Erth      78%        3d11      1%          3
c - Passwall              Tmut/Erth      25%        N/A       2%          2
d - Simulacrum            Ice/Necr       18%        N/A       77%         6
E - Animate Dead          Necr           40%        N/A       6%          4
Z - Sublimation of Blood  Necr           40%        N/A       1%          2

Your spell library contained the following spells:

 Spells                   Type           Power      Damage    Failure   Level
 Necrotise                Necr           100%       1d9       1%          1
 Vampiric Draining        Necr           40%        2d8       1%          3
 Ozocubu's Armour         Ice            32%        N/A       3%          3
 Ensorcelled Hibernation  Hex/Ice        42%        N/A       4%          2
 Momentum Strike          Conj/Tloc      42%        3d9       4%          2
 Cigotuvi's Dreadful Rot  Necr/Pois/Air  40%        N/A       5%          2
 Blink                    Tloc           18%        N/A       14%         2
 Poisonous Vapours        Pois/Air       18%        N/A       14%         2
 Mephitic Cloud           Conj/Pois/Air  17%        N/A       14%         3
 Petrify                  Tmut/Erth      30%        N/A       14%         4
 Ignite Poison            Fire/Tmut/Pois 11%        N/A       22%         3
 Spider Form              Tmut/Pois      12%        N/A       22%         3
 Anguish                  Hex/Necr       12%        N/A       22%         4
 Lesser Beckoning         Tloc           18%        N/A       26%         3
 Sticky Flame             Conj/Fire      21%        2d4       32%         4
 Metabolic Englaciation   Hex/Ice        10%        N/A       65%         5
 Ignition                 Fire           4%         3d4       100%        8


Dungeon Overview and Level Annotations

Branches:
Dungeon (8/15)             Temple (1/1) D:4            Lair (0/5) D:8

Altars:
Ashenzari
Cheibriados
Dithmenos
Elyvilon
Fedhas
Gozag
Hepliaklqana
Kikubaaqudgha
Makhleb
Nemelex Xobeh
Okawaru
Qazlal
Ru
Sif Muna
Uskayaw
Vehumet
Xom
Yredelemnul
Zin
The Shining One

Shops:
D:8 *

Annotations:
D:5 3 runed translucent doors, Verendum's ghost, novice OpTm
D:6 2 transporters


Message History

You can't see any susceptible monsters within range! (Use Z to cast anyway.) Unknown command.
You start resting.
You feel sick.
A kobold brigand is nearby!
A kobold brigand is nearby!
You feel sick.
The kobold brigand throws a poisoned dart.
The poisoned dart hits you!
You are more poisoned.
A kobold brigand is nearby!
The blast of sand hits the kobold brigand!!
You kill the kobold brigand!
Kikubaaqudgha accepts your kill.
You feel very sick.
You can't see any susceptible monsters within range! (Use Z to cast anyway.)
You start resting.
You feel sick. x8
You are no longer poisoned.
You start resting.
Magic restored.
You start resting.
HP restored.
There is a stone staircase leading down here.
You climb downwards.
The death yak gores you. The death yak gores you!
The death yak barely misses you.
The death yak gores you but does no damage.
The death yak bellows!
There is a stone staircase leading up, spattered with blood here.
The death yak gores you!!
* * * LOW HITPOINT WARNING * * *
The death yak gores you.
* * * LOW HITPOINT WARNING * * *
You climb upwards.
There is a stone staircase leading down here.
Okay, then.
It was a potion of degeneration.
There was something very wrong with that liquid.
You feel weakened.
You feel dopey.
You feel clumsy. The death yak gores you!!
You die...
Kikubaaqudgha rasps: "You have failed me!
Welcome... death!"

###########
#.......Y@#
#.#######Y#
#.# #.# #.#
#.# #.# #.#
#.# #.#
#######.####
#.######
###..........#
####...##
....#####.##.#
#..###..#


You could see 2 death yaks.

Vanquished Creatures
  Sigmund (D:3)
  A steam dragon (D:8)
  Menkaure (D:7)
  2 water moccasins
  Duvessa (D:6)
  An orc warrior (D:7)
  2 ice beasts
  2 sky beasts (D:8)
  3 black bears
  3 ogres
  A phantom (D:4)
  A kobold brigand (D:7)
  2 bullfrogs
  3 gnoll sergeants (D:8)
  A scorpion (D:4)
  5 wights (D:7)
  Dowan (D:6)
  3 howler monkeys (D:7)
  2 jellies (D:7)
  5 hounds
  2 iguanas
  Crazy Yiuf (D:3)
  3 gnoll boudas
  5 orc wizards
  28 gnolls
  3 adders
  A river rat (D:8)
  A shadow imp (D:7)
  2 white imps (D:5)
  2 dart slugs
  14 orcs
  9 ball pythons
  10 endoplasms
  A giant cockroach (D:2)
  4 goblins
  8 hobgoblins
  7 jackals
  4 quokkas
  A ball python zombie (D:3)
  5 bats
  4 frilled lizards
  7 kobolds
  2 quokka skeletons (D:3)
  5 rats
170 creatures vanquished.

Vanquished Creatures (collateral kills)
  A river rat (D:8)
1 creature vanquished.

Vanquished Creatures (others)
  A bullfrog zombie (D:8)
  A hound zombie (D:8)
  2 orc zombies (D:7)
  8 gnoll zombies
  A jackal zombie (D:8)
13 creatures vanquished.

Grand Total: 184 creatures vanquished

Notes
Turn   | Place    | Note
-------+----------+-------------------------------------------
     0 | D:1      | zero the Deep Elf Earth Elementalist began the quest for
                  | the Orb.
     0 | D:1      | Reached XP level 1. HP: 10/10 MP: 6/6
   333 | D:1      | Reached skill level 4 in Spellcasting
   333 | D:1      | Reached XP level 2. HP: 15/15 MP: 7/9
   337 | D:1      | Learned a level 2 spell: Passwall
   814 | D:1      | Reached XP level 3. HP: 19/19 MP: 9/11
   818 | D:1      | Learned a level 3 spell: Stone Arrow
   909 | D:2      | Reached skill level 5 in Spellcasting
  1054 | D:2      | Found a shimmering altar of Xom.
  1807 | D:3      | Reached XP level 4. HP: 24/24 MP: 11/13
  1933 | D:3      | Noticed Sigmund
  1972 | D:3      | Killed Sigmund
  1973 | D:3      | Reached skill level 5 in Earth Magic
  1973 | D:3      | Reached skill level 1 in Fighting
  1973 | D:3      | Reached XP level 5. HP: 29/29 MP: 0/14
  2210 | D:3      | Found a hazy altar of Hepliaklqana.
  2255 | D:3      | Reached XP level 6. HP: 32/34 MP: 4/15
  2688 | D:3      | Found a runed translucent door.
  2689 | D:3      | Noticed Crazy Yiuf
  2797 | D:3      | Killed Crazy Yiuf
  3031 | D:4      | Found a staircase to the Ecumenical Temple.
  3038 | Temple   | Entered the Ecumenical Temple
  3174 | Temple   | Became a worshipper of Kikubaaqudgha
  3316 | D:4      | Reached skill level 1 in Necromancy
  3571 | D:4      | Reached XP level 7. HP: 38/38 MP: 8/16
  4038 | D:5      | Entered Level 5 of the Dungeon
  4121 | D:5      | Reached skill level 5 in Conjurations
  4149 | D:5      | Learned a level 6 spell: Simulacrum
  4178 | D:5      | Found a radiant altar of Vehumet.
  4325 | D:5      | Reached skill level 1 in Ice Magic
  4480 | D:5      | Noticed Verendum's ghost (novice OpTm)
  4558 | D:5      | Found a runed translucent gate.
  4558 | D:5      | Found a runed translucent gate.
  4558 | D:5      | Found a runed translucent gate.
  4878 | D:6      | Reached XP level 8. HP: 44/44 MP: 16/18
  4960 | D:6      | Found a transporter.
  4974 | D:6      | Noticed Duvessa
  4979 | D:6      | Killed Duvessa
  4981 | D:6      | Noticed Dowan
  4984 | D:6      | Killed Dowan
  4985 | D:6      | Reached skill level 6 in Spellcasting
  5403 | D:6      | HP: 2/45 [ogre/+0 giant spiked club (13)]
  5406 | D:6      | Reached skill level 5 in Necromancy
  5685 | D:6      | Found a transporter.
  6054 | D:7      | Reached skill level 5 in Dodging
  6097 | D:7      | Reached * piety under Kikubaaqudgha
  6097 | D:7      | Received a gift from Kikubaaqudgha
  6099 | D:7      | Reached XP level 9. HP: 29/50 MP: 0/21
  6223 | D:7      | Learned a level 4 spell: Animate Dead
  6226 | D:7      | Learned a level 2 spell: Sublimation of Blood
  6229 | D:7      | Reached skill level 7 in Spellcasting
  6671 | D:7      | Noticed Menkaure
  6674 | D:7      | Killed Menkaure
  7137 | D:7      | Found a broken altar of Ashenzari.
  7572 | D:8      | Reached skill level 5 in Ice Magic
  7583 | D:8      | Reached skill level 8 in Spellcasting
  7593 | D:8      | Reached ** piety under Kikubaaqudgha
  7717 | D:8      | Found an opulent altar of Gozag.
  7858 | D:8      | Found Leddyck's Assorted Antiques.
  7862 | D:8      | Bought a glowing robe for 77 gold pieces
  7862 | D:8      | Bought a puce potion for 18 gold pieces
  7862 | D:8      | Bought a blackened bronze ring for 105 gold pieces
  7862 | D:8      | Bought a scroll labelled PUMITE EH SIUTT for 21 gold pieces
  7862 | D:8      | Bought a scroll labelled MOF UKUYROA for 21 gold pieces
  8103 | D:8      | Noticed a death yak
  8103 | D:8      | Noticed a death yak
  8105 | D:8      | Found a staircase to the Lair.
  8105 | D:8      | Noticed a death yak
  8296 | D:7      | Mangled by a death yak

Illustrated notes

Levels and vault maps discovered:
D:1:      dpeg_arrival_castle, layout_loops_ring
D:2:      layout_basic, basic_altar
D:3:      layout_basic, mainiacjoe_overflow_paths, serial_undead,
          serial_undead_c, serial_undead_c, serial_undead_c, serial_undead_b,
          serial_undead_d, uniq_crazy_yiuf_cottage, uniq_sigmund
D:4:      layout_cave_pools, temple_green, chequers_ossuary_entry_cave,
          small_statue_intersection
D:5:      layout_loops_cross, mainiacjoe_overflow_catwalk, gammafunk_ghost_icy
D:6:      gammafunk_cloud_chamber, layout_loops_ring, uniq_duvessa
D:7:      layout_loops_ring, nicolae_ashenzari_skybound, uniq_menkaure
D:8:      layout_cave_pools, mainiacjoe_overflow_six_doors_small,
          dpeg_lair_monsters, serial_gnoll_camp, gnoll_camp_mini_sergeant,
          gnoll_camp_mini_hut, gnoll_camp_mini_hut, gnoll_camp_mini_basic,
          gnoll_camp_medium_01, gnoll_camp_mini_shop,
          dreamdust_princess_corridor
Temple:   kb_temple_of_zot

Skill      XL: |  1  2  3  4  5  6  7  8  9 |
---------------+----------------------------+-----
Spellcasting   | 4 5 6 8 |  8.5
Earth Magic    | 4 5 6 7 |  7.7
Fighting       | 1 3 4 |  4.3
Dodging        | 3 5 |  5.0
Stealth        | 3 |  3.0
Conjurations   | 2 3 4 5 |  5.0
Necromancy     | 3 4 5 6 |  6.6
Ice Magic      | 1 3 5 |  5.0
Transmutations | |  1.1

Action                   |  1- 3 |  4- 6 |  7- 9 || total
-------------------------+-------+-------+-------++-------
Melee: Unarmed           |     5 |       |       ||     5
       Short sword       |     6 |     5 |    12 ||    23
 Cast: Sandblast         |    56 |    46 |    84 ||   186
       Stone Arrow       |       |    18 |    81 ||    99
       Animate Dead      |       |       |     4 ||     4
  Use: Potion            |       |       |     1 ||     1
Armor: Robe              |     7 |     6 |    13 ||    26
Dodge: Dodged            |    32 |    26 |    63 ||   121
Block: Other             |     1 |     1 |       ||     2
       Buckler           |       |    23 |    47 ||    70
       Reflection        |       |       |     1 ||     1

Table legend: (Time is in decaauts)
 A = Elapsed time spent in this place.
 B = Non-inter-level travel time spent in this place.
 C = Inter-level travel time spent in this place.
 D = Time resting spent in this place.
 E = Time spent auto-exploring this place.
 F = Levels seen in this place.
 G = Mean time per level.
                   A        B        C        D        E       F      G
               +--------+--------+--------+--------+--------+-----+--------+
         Total |   8393 |   8055 |    338 |   1619 |   5230 |   9 |  932.6 |
       Dungeon |   8147 |   7855 |    292 |   1528 |   5138 |   8 | 1018.4 |
        Temple |    246 |    200 |     46 |     91 |     92 |   1 |  246.0 |
               +--------+--------+--------+--------+--------+-----+--------+

Top non-repeatable levels by time:
     D:6: 1312 daAuts
     D:3: 1290 daAuts
     D:7: 1241 daAuts
     D:8: 903 daAuts
     D:1: 894 daAuts
     D:4: 873 daAuts
     D:5: 842 daAuts
     D:2: 789 daAuts
  Temple: 246 daAuts
